 Dungeon Crawl Stone Soup version 0.30-a0-170-g85af917532 (webtiles) character file.

Game seed: 12540744827088735594

105 KennySheep the Trooper (level 4, 0/30 (38) HPs)
             Began as a Barachi Fighter on Oct 1, 2022.
             Was a Believer of Vehumet.
             Slain by an orc priest
             ... wielding a +0 mace
              (6 damage)
             ... on level 2 of the Dungeon.
             The game lasted 00:10:00 (2999 turns).

KennySheep the Trooper (Barachi Fighter)            Turns: 2999, Time: 00:10:01

HP:   0/30 (38)     AC:  4    Str: 17    XL:     4   Next: 81%
MP:   1/5           EV: 10    Int: 11    God:    Vehumet [**....]
Gold: 112           SH:  4    Dex: 11    Spells: 2/4 levels left

rFire   . . .      SeeInvis .    a - staff of earth
rCold   . . .      Faith    .    c - +0 buckler
rNeg    . . .      Spirit   .    j - +0 leather armour
rPois   .          Reflect  .    (no helmet)
rElec   .          Harm     .    (no cloak)
rCorr   .          Rampage  .    p - +0 pair of gloves
Will    .....                    (no boots)
Stlth   +.........               (no amulet)
HPRegen 0.10/turn                (no ring)
MPRegen 0.09/turn                (no ring)

@: very slightly contaminated, heavily drained, slow
A: amphibious, slowness 1, strong legs 1, +LOS
a: Hop, Renounce Religion


You were on level 2 of the Dungeon.
You worshipped Vehumet.
Vehumet was pleased with you.
You visited 1 branch of the dungeon, and saw 3 of its levels.

You collected 112 gold pieces.

Inventory:

Hand Weapons
 f - a +0 trident
Armour
 c - a +0 buckler (worn)
 j - a +0 leather armour (worn)
 p - a +0 pair of gloves (worn)
Magical Staves
 a - a staff of earth (weapon)
 h - a staff of poison
Scrolls
 b - a scroll of identify
 k - 2 scrolls of vulnerability
 l - 2 scrolls of silence
 m - a scroll of noise {unknown}
Potions
 d - a potion of might
 g - 2 potions of curing
 i - a potion of brilliance


   Skills:
 - Level 4.3 Fighting
 - Level 2.3(2.4) Polearms
 - Level 0.1(1.5) Staves
 - Level 4.0 Armour
 - Level 4.0 Shields
 - Level 0.9 Spellcasting
 - Level 1.6 Conjurations
 * Level 0.8 Earth Magic
 + Level 0.5 Evocations


You had 2 spell levels left.
You knew the following spells:

 Your Spells              Type           Power      Damage    Failure   Level
a - Magic Dart            Conj           16%        1d3       26%         1
b - Sandblast             Erth           6%         2d5       34%         1

Your spell library contained the following spells:

 Spells                   Type           Power      Damage    Failure   Level
 Hailstorm                Conj/Ice       2%         3d3       73%         3
 Ice Form                 Ice/Tmut       0%         N/A       99%         4
 Simulacrum               Ice/Necr       0%         N/A       100%        6


Dungeon Overview and Level Annotations

Branches:
Dungeon (3/15)

Altars:
Vehumet

Shops:
D:1 (   D:3 (:


Innate Abilities, Weirdness & Mutations

You are amphibious.
You cover ground slowly.
You can hop short distances.
You have an extended range of vision and can be seen from far away.


Message History

You feel a surge of power!
The blast of sand hits the orc but does no damage.
The orc is heavily wounded.
The orc priest looks encouraged for a moment.
The orc barely misses you.
An orc comes into view. It is wielding a +0 short sword.
The hobgoblin barely misses you. The orc priest hits you with a +0 mace.
The orc hits you with a +0 short sword.
You climb upwards.
There is a stone staircase leading down here.
Aiming: Sandblast (safe; 34% risk of failure)
Press: ? - help, Q - select action, (/) - cycle Shift-Dir - straight line, f - orc priest
Aim: an orc priest, wielding a +0 mace (81% to hit)
You feel a surge of power!
You miscast Sandblast.
Nothing appears to happen.
The hobgoblin hits you. The orc hits you with a +0 short sword.
The orc priest hits you with a +0 mace.
Aiming: Sandblast (safe; 34% risk of failure)
Press: ? - help, Q - select action, (/) - cycle Shift-Dir - straight line, f/p - orc priest
Aim: an orc priest, wielding a +0 mace (81% to hit)
You feel a surge of power!
The blast of sand hits the orc priest!
The orc priest is heavily wounded.
You block the hobgoblin's attack. You block the orc's attack.
The orc priest hits you with a +0 mace.
The hobgoblin hits you but does no damage.
The orc hits you with a +0 short sword. The orc priest hits you with a +0 mace.
* * * LOW HITPOINT WARNING * * *
You feel much better. The hobgoblin barely misses you.
The orc hits you with a +0 short sword.
The orc priest mumbles some strange prayers to Beogh against you.
Pain shoots through your body!
* * * LOW HITPOINT WARNING * * *
Okay, then.
The hobgoblin hits you.
* * * LOW HITPOINT WARNING * * *
You block the orc's attack.
Okay, then.
As you read the scroll of butterflies, it crumbles to dust.
You hear the tinkle of a tiny bell.
The hobgoblin completely misses you. You block the orc's attack.
The orc priest hits you with a +0 mace.
You die...

....##............##.#####.#
....##............##.......#
....##............##########
....##.........########
#############'###.....### #
#.# #b#.....# #
#####.###b#.....# #
#.....#b#b#.....# #
#.#####b@g#.....# #
##.#b.bbboob.bb### #
#..(.bbb######## #...bbb.#
#..(.bb.# #....bb.#
#.......##### ########....#
#....#


You could see an orc priest (ally target), an orc (ally target) and a hobgoblin
(ally target).

Vanquished Creatures
  4 adders
  A worm (D:2)
  5 dart slugs
  An orc (D:3)
  2 endoplasms
  3 giant cockroaches (D:2)
  3 goblins
  5 hobgoblins
  2 quokkas (D:2)
  9 ball pythons
  6 bats
  2 frilled lizards (D:1)
  9 kobolds
  3 rats
55 creatures vanquished.

Vanquished Creatures (others)
  10 toadstools (D:3)
10 creatures vanquished.

Grand Total: 65 creatures vanquished

Notes
Turn   | Place    | Note
-------+----------+-------------------------------------------
     0 | D:1      | KennySheep the Barachi Fighter began the quest for the Orb.
     0 | D:1      | Reached XP level 1. HP: 18/18 MP: 1/1
    85 | D:1      | Reached XP level 2. HP: 21/25 MP: 2/2
   243 | D:1      | Found Xahar's Antique Weapon Shoppe.
   814 | D:1      | Found a faded altar of an unknown god.
   821 | D:1      | Prayed at the altar of an unknown god.
   821 | D:1      | Became a worshipper of Vehumet
   821 | D:1      | Reached * piety under Vehumet
   821 | D:1      | Offered knowledge of Magic Dart by Vehumet.
   824 | D:1      | Learned a level 1 spell: Magic Dart
   884 | D:1      | Reached XP level 3. HP: 30/30 MP: 3/3
  1320 | D:2      | Identified the +2 robe of Winter {Dex+6}
  1464 | D:2      | Reached skill level 1 in Conjurations
  1730 | D:2      | Reached XP level 4. HP: 37/37 MP: 4/4
  2062 | D:2      | Offered knowledge of Sandblast by Vehumet.
  2065 | D:2      | Learned a level 1 spell: Sandblast
  2302 | D:3      | Found Sessucip's Antique Weapon Shop.
  2302 | D:3      | Found Bubot's Book Shoppe.
  2492 | D:3      | Reached ** piety under Vehumet
  2999 | D:2      | Slain by an orc priest

Illustrated notes

Levels and vault maps discovered:
D:1:      saegor_arrival_simple_d, layout_basic, serial_shops,
          nicolae_shop_hallway_plus,
          dreamdust_ecumenical_altar_hidden_monk_grotto
D:2:      layout_basic, minmay_split_cup_large
D:3:      cheibrodos_fertilizer, layout_rooms, serial_shops, shop, shop, shop,
          nicolae_shop_advertising_works [nicolae_subvault_shop_adworks],
          shop_fountains

Skill      XL: |  1  2  3  4 |
---------------+-------------+-----
Fighting       | 4 |  4.3
Armour         | 4 |  4.0
Conjurations   | 1 |  1.6
Shields        | 4 |  4.0
Polearms       | |  2.3
Staves         | |  0.1
Spellcasting   | |  0.9
Earth Magic    | |  0.8
Evocations     | |  0.5

Action                   |  1- 3 |  4- 6 || total
-------------------------+-------+-------++-------
Melee: Trident           |   120 |    39 ||   159
       Staff             |       |    18 ||    18
 Cast: Magic Dart        |       |     8 ||     8
       Sandblast         |       |     7 ||     7
 Abil: Hop               |     1 |       ||     1
  Use: Scroll            |     4 |     1 ||     5
       Potion            |     5 |     1 ||     6
Armor: Scale mail        |    34 |    11 ||    45
       Leather armour    |       |    10 ||    10
Dodge: Dodged            |    40 |    25 ||    65
Block: Buckler           |    22 |    19 ||    41

Table legend: (Time is in decaauts)
 A = Elapsed time spent in this place.
 B = Non-inter-level travel time spent in this place.
 C = Inter-level travel time spent in this place.
 D = Time resting spent in this place.
 E = Time spent auto-exploring this place.
 F = Levels seen in this place.
 G = Mean time per level.
                   A        B        C        D        E       F      G
               +--------+--------+--------+--------+--------+-----+--------+
         Total |   3399 |   3130 |    269 |    652 |   1952 |   3 | 1133.0 |
       Dungeon |   3399 |   3130 |    269 |    652 |   1952 |   3 | 1133.0 |
               +--------+--------+--------+--------+--------+-----+--------+

Top non-repeatable levels by time:
     D:2: 1660 daAuts
     D:1: 1430 daAuts
     D:3: 307 daAuts
